 Dungeon Sprint DCSS version 0.30.1-11-g7821555f0a (webtiles) character file.

Game seed: 2863464320364668506

1745 Heoruswealwe the Impaler (level 8, -11/84 HPs)
             Began as a Minotaur Fighter on Nov 8, 2023.
             Was an Initiate of Gozag.
             Mangled by a catoblepas (13 damage)
             ... in the Dungeon (Sprint IX: "|||||||||||||||||||||||||||||").
             The game lasted 00:02:46 (237 turns).

Heoruswealwe the Impaler (Minotaur Fighter)          Turns: 237, Time: 00:02:46

Health: -11/84     AC: 22    Str: 26    XL:     8   Next: 77%
Magic:  7/7        EV: 10    Int:  5    God:    Gozag
Gold:   495        SH:  0    Dex: 10    Spells: 7/7 levels left

rFire   . . .        b - +2 halberd (protect)
rCold   . . .        (shield currently unavailable)
rNeg    . . .        c - +0 plate armour
rPois   .            (helmet restricted)
rElec   .            (no cloak)
rCorr   .            (no gloves)
SInv    .            (no boots)
Will    .....        (no amulet) Stlth
                     k - +3 ring of strength
HPRegen 0.34/turn    j - +2 ring of evasion
MPRegen 0.10/turn

%: no teleportation
@: under a protective aura
A: horns 2, retaliatory headbutt
a: Renounce Religion, Potion Petition, Call Merchant, Bribe Branch


You were in the Dungeon.
You worshipped Gozag.
Gozag was aware of your devotion.
You visited 1 branch You collected 495 gold pieces.

Inventory:

Hand Weapons
 a - a +0 trident
 b - a +2 halberd of protection (weapon)
Armour
 c - a +0 plate armour (worn)
 d - a +0 buckler
Jewellery
 j - a +2 ring of evasion (right hand)
 k - a +3 ring of strength (left hand)
Wands
 h - a wand of roots (10)
Scrolls
 m - 2 scrolls of blinking
Potions
 e - 2 potions of curing
 g - a potion of haste
 i - a potion of berserk rage
 l - a potion of might


   Skills:
 + Level 12.3 Fighting
 * Level 16.5 Polearms
 + Level 12.3 Armour
 - Level 3.6 Shields


You had 7 spell levels left.
You didn't know any spells.
Your spell library was empty.

Dungeon Overview and Level Annotations

Branches:
Dungeon (1/1)

Altars:
Cheibriados
Dithmenos
Elyvilon
Fedhas
Gozag
Hepliaklqana
Kikubaaqudgha
Makhleb
Nemelex Xobeh
Okawaru
Qazlal
Ru
Sif Muna
Trog
Uskayaw
Vehumet
Wu Jian
Xom
Yredelemnul
Zin
The Shining One
Jiyva
Lugonu


Innate Abilities, Weirdness & Mutations

You have a pair of horns on your head.
You reflexively headbutt those who attack you in melee.


Message History

The slime creature is severely wounded.
You are engulfed in calcifying dust.
You are slowing down.
The slime creature is engulfed in calcifying dust.
The slime creature stops moving altogether!
The helpless slime creature fails to defend itself.
You slash the slime creature! You headbutt the slime creature.
The slime creature is almost dead.
You are engulfed in calcifying dust.
Your limbs have turned to stone.
The catoblepas breathes a plume of calcifying dust at you.
The blast of calcifying dust hits the slime creature.
The blast of calcifying dust hits you but does no damage.
The slime creature is engulfed in calcifying dust.
You have turned to stone.
You are engulfed in calcifying dust.
The slime creature is engulfed in calcifying dust.
You are engulfed in calcifying dust.
The slime creature is engulfed in calcifying dust.
The slime creature is no longer petrified.
The slime creature is engulfed in calcifying dust.
The slime creature is moving more slowly.
The slime creature hits you.
* * * LOW HITPOINT WARNING * * *
The slime creature is engulfed in calcifying dust.
The slime creature stops moving altogether!
You turn to flesh and can move again.
The helpless slime creature fails to defend itself.
You carve the slime creature like a ham!!!
Your weapon exudes an aura of protection.
You kill the slime creature!
The catoblepas gores you!
* * * LOW HITPOINT WARNING * * *
Things that are here:
198 gold pieces; a +0 longbow You puncture the catoblepas!
You headbutt the catoblepas, but do no damage.
The catoblepas is lightly wounded.
The catoblepas gores you!
You die...
Your body crumbles into a pile of gold.

▓'▓
$
▓)▓
▓.▓
$
▓.▓
$
▓.▓
$ $
▓.▓
$
▓.▓
$
▓'▓
▓@▓
▓Y▓
▓J▓
▓C▓
▓{▓
▓.▓
▓+▓


You could see a catoblepas, a slime creature and a cyclops.

Vanquished Creatures
  A centaur warrior (D)
  A two-headed ogre (D)
  A slime creature (D)
  2 orc warriors (D)
  A centaur (D)
  A kobold brigand (D)
  A jelly (D)
  A hound (D)
  An iguana (D)
  An orc wizard (D)
  An adder (D)
  An ufetubus (D)
  A bat (D)
  An endoplasm (D)
  A hobgoblin (D)
  A ball python (D)
  A frilled lizard (D)
18 creatures vanquished.

Notes
Turn   | Place    | Note
-------+----------+-------------------------------------------
     0 | D        | Heoruswealwe the Minotaur Fighter began the quest for the
                  | Orb.
     0 | D        | Reached XP level 1. HP: 19/19 MP: 0/0
     6 | D        | Reached skill level 3 in Polearms
    16 | D        | Noticed a hound
    16 | D        | Noticed an iguana
    16 | D        | Noticed a jelly
    18 | D        | Reached skill level 4 in Polearms
    18 | D        | Reached XP level 2. HP: 28/28 MP: 1/1
    23 | D        | Reached skill level 5 in Fighting
    23 | D        | Reached skill level 6 in Polearms
    23 | D        | Reached skill level 5 in Armour
    23 | D        | Reached XP level 3. HP: 34/36 MP: 2/2
    31 | D        | Reached skill level 7 in Polearms
    31 | D        | Reached XP level 4. HP: 24/44 MP: 3/3
    33 | D        | Reached skill level 8 in Polearms
    39 | D        | Found a snail-covered altar of Cheibriados.
    39 | D        | Found a shadowy altar of Dithmenos.
    39 | D        | Found a white marble altar of Elyvilon.
    39 | D        | Found a blossoming altar of Fedhas.
    39 | D        | Found an opulent altar of Gozag.
    40 | D        | Found a hazy altar of Hepliaklqana.
    41 | D        | Found a viscous altar of Jiyva.
    42 | D        | Found an ancient bone altar of Kikubaaqudgha.
    43 | D        | Found a corrupted altar of Lugonu.
    44 | D        | Found a burning altar of Makhleb.
    45 | D        | Found a sparkling altar of Nemelex Xobeh.
    46 | D        | Found an iron altar of Okawaru.
    47 | D        | Became a worshipper of Gozag Ym Sagoz the Greedy
    48 | D        | Found a stormy altar of Qazlal.
    49 | D        | Found a sacrificial altar of Ru.
    50 | D        | Found a shimmering blue altar of Sif Muna.
    51 | D        | Found a bloodstained altar of Trog.
    52 | D        | Found a hide-covered altar of Uskayaw.
    53 | D        | Found a radiant altar of Vehumet.
    54 | D        | Found an ornate altar of the Wu Jian Council.
    55 | D        | Found a shimmering altar of Xom.
    56 | D        | Found a basalt altar of Yredelemnul.
    57 | D        | Found a glowing silver altar of Zin.
    58 | D        | Found a glowing golden altar of the Shining One.
   158 | D        | Noticed a centaur
   158 | D        | Noticed an orc warrior
   158 | D        | Noticed a kobold brigand
   158 | D        | Noticed a two-headed ogre
   158 | D        | Noticed an orc warrior
   163 | D        | Killed a centaur
   164 | D        | Reached skill level 9 in Polearms
   164 | D        | Reached XP level 5. HP: 18/52 MP: 4/4
   176 | D        | Killed an orc warrior
   177 | D        | Reached skill level 10 in Polearms
   177 | D        | Reached XP level 6. HP: 22/62 MP: 5/5
   192 | D        | Reached skill level 11 in Polearms
   197 | D        | Killed a two-headed ogre
   198 | D        | Reached skill level 10 in Fighting
   198 | D        | Reached skill level 14 in Polearms
   198 | D        | Reached XP level 7. HP: 41/73 MP: 6/6
   201 | D        | Reached XP level 8. HP: 48/82 MP: 7/7
   208 | D        | Noticed a centaur warrior
   208 | D        | Noticed a slime creature
   208 | D        | Noticed a catoblepas
   208 | D        | Noticed a slime creature
   208 | D        | Noticed a cyclops
   222 | D        | Killed a centaur warrior
   223 | D        | Reached skill level 16 in Polearms
   235 | D        | Killed a slime creature
   236 | D        | HP: 2/84 [catoblepas (7)]
   237 | D        | Mangled by a catoblepas

Illustrated notes

Levels and vault maps discovered:
D:        linesprint [early_d, line_temple, items_1, d_10, items_2, lair_1,
          lair_end, items_3, orc_1, orc_end, items_4, d_15, swamp_1, shoals_1,
          snake_1, spider_1, d_20, vaults_1, items_5, swamp_end, shoals_end,
          snake_end, spider_end, vaults_end, d_27, items_6, zot_1, zot_end,
          crypt_end, forest_end, elf_end, slime_end, tomb_end, abyss_end,
          pan_hell_end]

Skill      XL: |  1  2  3  4  5  6  7  8 |
---------------+-------------------------+-----
Polearms       | 4 6 7 9 10 14 16 | 16.5
Fighting       | 4 5 6 7 8 10 11 12 | 12.3
Armour         | 4 5 6 7 8 11 12 | 12.3
Shields        | |  3.6

Action                     |  1- 3 |  4- 6 |  7- 9 || total
---------------------------+-------+-------+-------++-------
  Melee: Trident           |    19 |     2 |       ||    21
         Headbutt          |     3 |     2 |     4 ||     9
         Halberd           |       |    30 |    23 ||    53
    Use: Potion            |       |     6 |       ||     6
   Stab: Petrified         |       |       |     2 ||     2
 Armour: Scale mail        |     5 |       |       ||     5
         Plate armour      |       |    24 |    25 ||    49
  Dodge: Dodged            |     7 |    12 |     9 ||    28
  Block: Buckler           |     2 |       |       ||     2
